 Dungeon Crawl Stone Soup version 0.28-a0-834-g1a73be5ee4 (webtiles) character file.

Game seed: 274359703055326243

82616 jasper the Devastator (level 15, -8/129 HPs)
             Began as a Demonspawn Conjurer on Nov 11, 2021.
             Was a High Priest of Ashenzari.
             Killed from afar by a salamander tyrant (42 damage)
             ... with a flame surge
             ... on level 13 of the Dungeon.
             The game lasted 00:43:22 (28878 turns).

jasper the Devastator (Demonspawn Conjurer)        Turns: 28878, Time: 00:43:23

Health: -8/129     AC: 14    Str:  7    XL:     15   Next: 30%
Magic:  28/38      EV: 19    Int: 31    God:    Ashenzari [*****.]
Gold:   388        SH: 18    Dex: 13    Spells: 34/52 levels left

rFire   . . .      SeeInvis +   t - staff of conjuration (curse) {Self, Bglg}
rCold   . . .      Faith    .   V - +0 kite shield "Restrained With Me" {Elem, Bglg} (curse)
rNeg    . . .      Spirit   .   y - +2 steam dragon scales of Ashenzari's Affliction {Bglg, Cun} (curse)
rPois   .          Reflect  .   j - +1 helmet of Ashenzari's Moon {Alch, Fort} (curse)
rElec   .          Harm     .   d - +2 cloak
rCorr   .          Rampage  .   (gloves unavailable)
Will    +....      Clarity  +   J - +1 pair of boots of the Tethered Shame {Alch, Elem} (curse)
Stlth   ++........              W - amulet of the Tethered Seeker {RegenMP, Bglg, Fort} (curse)
HPRegen 0.31/turn               w - ring "Esoteric Prison" {Int+6, Bglg, Self} (curse)
MPRegen 0.51/turn               o - ring of Ashenzari's Blue Moon {EV+4, Fort, Evo} (curse)

@: weakened
A: claws 3, large bone plates 2, foul stench 2, spiny 2
a: Renounce Religion, Curse Item, Shatter the Chains


You were on level 13 of the Dungeon.
You worshipped Ashenzari.
Ashenzari was extremely pleased with you.
You visited 4 branches of the dungeon, and saw 22 of its levels.
You also visited: Sewer.

You collected 2120 gold pieces.
You spent 1732 gold pieces at shops.

Inventory:

Missiles
 f - 756 stones
 g - 67 poisoned darts
Armour
 d - a +2 cloak (worn)
 j - the cursed +1 helmet of Ashenzari's Moon (worn) {Alch, Fort}
   (You bought it in a shop on level 2 of the Dungeon)

   It has a curse which improves the following skills: Alchemy: Poison Magic and
   Transmutations.
   Fortitude: Armour and Shields.
 u - the +0 cloak "Voen" {Harm rCorr Stlth+}
   (You bought it in a shop on level 9 of the Dungeon)

   rCorr:     It protects you from acid and corrosion.
   Harm:      It increases damage dealt and taken.
   Stlth:     It makes you more stealthy.
 y - the cursed +2 steam dragon scales of Ashenzari's Affliction (worn) {Bglg, Cun}
   (You found it on level 6 of the Dungeon)

   It has a curse which improves the following skills: Beguiling: Conjurations,
   Hexes and Translocations.
   Cunning:   Dodging and Stealth.
 B - a +1 kite shield of reflection
 D - the +3 leather armour "Ziockau" {rCorr Int+4 Stlth-}
   (You bought it in a shop on level 2 of the Orcish Mines)

   Int:       It affects your intelligence (+4).
   rCorr:     It protects you from acid and corrosion.
   Stlth:     It makes you less stealthy.
 J - the cursed +1 pair of boots of the Tethered Shame (worn) {Alch, Elem}
   (You bought it in a shop on level 9 of the Dungeon)

   It has a curse which improves the following skills: Alchemy: Poison Magic and
   Transmutations.
   Elements:  Fire Magic, Ice Magic, Air Magic and Earth Magic.
 K - the +4 ring mail of the Elven Halls {*Corrode rElec rN+++ Regen+}
   (You found it on level 10 of the Dungeon)

   rElec:     It insulates you from electricity.
   rN:        It renders you almost immune to negative energy.
   Regen:     It increases your rate of health regeneration.
   *Corrode:  It may corrode you when you take damage.
 V - the cursed +0 kite shield "Restrained With Me" (worn) {Elem, Bglg}
   (You found it on level 2 of the Lair of Beasts)

   It has a curse which improves the following skills: Elements: Fire Magic, Ice
   Magic, Air Magic and Earth Magic.
   Beguiling: Conjurations, Hexes and Translocations.
Magical Staves
 t - a cursed staff of conjuration (weapon) {Self, Bglg}
 C - a staff of fire
Jewellery
 o - the cursed ring of Ashenzari's Blue Moon (right claw) {EV+4, Fort, Evo}
   (You found it on level 5 of the Dungeon)

   [ring of evasion]

   EV:        It affects your evasion (+4).
   It has a curse which improves the following skills: Fortitude: Armour and
   Shields.
   Evocations: Evocations.
 p - a +4 ring of protection
 w - the cursed ring "Esoteric Prison" (left claw) {Int+6, Bglg, Self}
   (You took it off an orc on level 6 of the Dungeon)

   [ring of intelligence]

   Int:       It affects your intelligence (+6).
   It has a curse which improves the following skills: Beguiling: Conjurations,
   Hexes and Translocations.
   Introspection: Fighting and Spellcasting.
 z - a ring of ice
 P - a ring of magical power
 Q - a ring of wizardry
 R - an amulet of the acrobat
 W - the cursed amulet of the Tethered Seeker (around neck) {RegenMP, Bglg, Fort}
   (You bought it in a shop on level 10 of the Dungeon)

   [amulet of magic regeneration]

   It increases your rate of magic regeneration.
   It has a curse which improves the following skills: Beguiling: Conjurations,
   Hexes and Translocations.
   Fortitude: Armour and Shields.
 X - a ring of protection from fire
Wands
 a - a wand of digging (3)
 v - a wand of paralysis (12)
 A - a wand of mindburst (23)
 F - a wand of iceblast (1)
 S - a wand of charming (7)
Scrolls
 c - 6 scrolls of fear
 h - a scroll of immolation
 m - a scroll of blinking
 n - a scroll of silence
 q - 2 scrolls of fog
 r - 15 scrolls of identify
 x - 5 scrolls of magic mapping
 E - a scroll of enchant armour
 G - 2 scrolls of brand weapon
 I - 6 scrolls of teleportation
 L - 2 scrolls of enchant weapon
Potions
 b - 4 potions of attraction
 e - a potion of haste
 i - 5 potions of curing
 k - 3 potions of brilliance
 s - 5 potions of resistance
 M - 3 potions of cancellation
 N - 2 potions of heal wounds
 O - 2 potions of flight
 T - a potion of magic
 U - a potion of mutation
 Y - 2 potions of might
 Z - a potion of berserk rage
Miscellaneous
 l - a phial of floods


   Skills:
 + Level 11.0(15.1) Fighting
 - Level 6.0(8.7) Dodging
 - Level 1.7(3.6) Stealth
 - Level 7.5(12.9) Shields
 * Level 15.3(19.4) Spellcasting
 - Level 16.5(24.2) Conjurations
 - Level 3.0(9.0) Translocations


You had 34 spell levels left.
You knew the following spells:

 Your Spells              Type           Power      Damage    Failure   Level
a - Magic Dart            Conj           100%       1d8       0%          1
b - Searing Ray           Conj           100%       2d8       0%          2
c - Iskenderun's Mystic   Conj/Tloc      100%       2d19      0%          4
d - Orb of Destruction    Conj           67%        9d18      1%          7
e - Passwall              Tmut/Erth      27%        N/A       1%          2
f - Apportation           Tloc           100%       N/A       1%          1
g - Animate Skeleton      Necr           60%        N/A       1%          1

Your spell library contained the following spells:

 Spells                   Type           Power      Damage    Failure   Level
 Freeze                   Ice            100%       1d11      1%          1
 Slow                     Hex            100%       N/A       1%          1
 Summon Small Mammal      Summ           100%       N/A       1%          1
 Scorch                   Fire           66%        2d8       1%          2
 Dazzling Flash           Conj/Hex       100%       N/A       1%          3
 Flame Wave               Conj/Fire      100%       3d16      1%          4
 Fulminant Prism          Conj/Hex       52%        3d23      1%          4
 Hailstorm                Conj/Ice       100%       3d20      1%          4
 Freezing Cloud           Conj/Ice/Air   44%        6-21      1%          5
 Confusing Touch          Hex            37%        N/A       3%          3
 Ozocubu's Armour         Ice            33%        N/A       3%          3
 Summon Guardian Golem    Hex/Summ       33%        N/A       3%          3
 Call Canine Familiar     Summ           30%        N/A       4%          3
 Vampiric Draining        Necr           30%        2d8       4%          3
 Spellforged Servitor     Conj/Summ      51%        N/A       10%         7
 Ice Form                 Ice/Tmut       33%        N/A       12%         4
 Petrify                  Tmut/Erth      33%        N/A       12%         4
 Metabolic Englaciation   Hex/Ice        17%        N/A       30%         5
 Lee's Rapid Deconstruct  Erth           16%        3d11*     34%         5
 Simulacrum               Ice/Necr       15%        N/A       91%         6
 Summon Cactus Giant      Summ           15%        N/A       94%         6
 Polar Vortex             Ice            16%        N/A       100%        9


Dungeon Overview and Level Annotations

Branches:
Dungeon (13/15)            Temple (1/1) D:4            Lair (6/6) D:8
 Shoals (0/4) Lair:3       Spider (0/4) Lair:4        Slime (0/5) Lair:6
    Orc (2/2) D:9             Elf (0/3) Orc:2         Sewer (visited)
 Vaults: D:13-14

Altars:
Ashenzari
Cheibriados
Dithmenos
Elyvilon
Fedhas
Gozag
Hepliaklqana
Kikubaaqudgha
Makhleb
Nemelex Xobeh
Okawaru
Qazlal
Ru
Sif Muna
Trog
Uskayaw
Vehumet
Wu Jian
Xom
Yredelemnul
Zin
The Shining One

Shops:
D:2 [(   D:5 =   D:9 [   D:10 =:!*?   Orc:2 !=*[

Portals:
Pandemonium: Orc:2

Annotations:
D:6 2 transporters
Lair:6 exclusion: obsidian statue


Innate Abilities, Weirdness & Mutations

You have claws for hands.
You are mostly covered in large bone plates. (SH +6)
You sometimes emit foul miasma when damaged in melee.
You are mostly covered in sharp spines.


Message History

The blast of magma engulfs you!!!
Casting: Orb of Destruction (mildly dangerous; 1% risk of failure)
Confirm with . or Enter, or press ? or * to list all spells.
Aiming: Orb of Destruction (mildly dangerous; 1% risk of failure)
Press: ? - help, Shift-Dir - straight line, f - salamander tyrant
Aim: a salamander tyrant (flame)
You feel a surge of power!
You are engulfed in blazing flames.
A salamander tyrant comes into view.
You take 70 damage, and have 59/129 hp.
MASSIVE DAMAGE!!
You now have 31/38 mp.
The orb of destruction hits the salamander tyrant!!!
The salamander tyrant is almost dead.
The salamander tyrant rends the earth beneath you!
The blast of magma engulfs you!!
* * * LOW HITPOINT WARNING * * *
You hear a shout!
You take 31 damage, and have 28/129 hp.
MASSIVE DAMAGE!!
The salamander tyrant gazes fiercely through you!
You feel as though you will be weak longer.
There is an open door here.
You close the door.
A salamander tyrant breaks down the door.
Casting: Orb of Destruction (mildly dangerous; 1% risk of failure)
Confirm with . or Enter, or press ? or * to list all spells.
Aiming: Orb of Destruction (mildly dangerous; 1% risk of failure)
Press: ? - help, Shift-Dir - straight line, f/p - salamander tyrant
Aim: a salamander tyrant (severely wounded)
You feel a surge of power!
The salamander tyrant rends the earth beneath you!
The blast of magma engulfs you!!
* * * LOW HITPOINT WARNING * * *
You take 25 damage, and have 5/129 hp.
You now have 28/38 mp.
Why would you want to do that?
You feel much better.
The orb of destruction hits the tengu conjurer!!!!
You blow up the tengu conjurer!
The salamander tyrant gazes fiercely through you!
You feel as though you will be weak longer.
The salamander tyrant calls gouts of flame from the lava!
The flame surge hits you!!!
You die...

* , {,+ { ,, ,, ##..#####... *
{ ########*#+*##..#####... * *
###8#8#8#8#. ##..#####... * ,
{ .##..........###..#####... *
,* *##8.......[..###..### #...
+ * *
###...##8#8#####..#####... ,*
*##8...8#####8##........... **
#.####≈..#####...†...........
+
.○☼.○N'..NN○°@≈.).............
,*
##§####...#####....####...####
, * ,*##8..Q8#####8######...#
+ ##...##8#8########...#### *
** * #8...., 8 #####.>..... *,
**##.....,, ,* #........... ,
, ,, *##8#8#8* 8 #.........<.
* , * ##### , *#...........
**8 , * ,, , *#...........


You could see 2 salamander tyrants.

Vanquished Creatures
  4 dire elephants (Lair:6)
  2 demonspawn (Orc:2)
  8 hydras
  A centaur warrior (D:12)
  3 catoblepae
  2 tengu warriors (D:13)
  6 two-headed ogres
  22 death yaks
  5 orc high priests
  A sixfirhy (Orc:2)
  A spectral death yak (Lair:6)
  A spectral anaconda (Lair:6)
  A deep elf archer (D:12)
  A wizard (D:12)
  3 necromancers (Lair:6)
  6 orc knights
  3 deep elf pyromancers
  An ugly thing (D:8)
  3 harpies (D:13)
  11 orc sorcerers
  2 cyclopes (D:12)
  10 elephants (Lair:6)
  6 black mambas
  A merfolk siren (Lair:3)
  A rust devil (Orc:2)
  A dire elephant zombie (Lair:6)
  2 gargoyles
  A smoke demon (Orc:2)
  17 cane toads
  A freezing wraith (D:10)
  9 komodo dragons
  A rime drake (Lair:4)
  3 tengu conjurers (D:13)
  A yaktaur (D:13)
  2 polar bears
  A jumping spider (Lair:4)
  3 trolls
  2 slime creatures (Lair:6)
  A meliai zombie (D:10)
  6 redbacks (Lair:4)
  Sigmund (D:7)
  3 shadows
  2 vampires (D:12)
  A dire elephant simulacrum (Lair:6)
  26 yaks
  A wraith (D:13)
  3 wyverns
  A chaos spawn (Orc:2)
  3 steam dragons
  4 basilisks
  3 wargs
  Pargi (Sewer)
  14 water moccasins
  An ice beast (D:6)
  A necrophage (D:4)
  31 orc warriors
  3 black bears
  An elephant zombie (Lair:6)
  24 wolves
  13 ogres
  A boggart (D:12)
  7 centaurs
  A gnoll sergeant (D:7)
  12 bullfrogs
  2 scorpions
  2 cane toad simulacra (Lair:6)
  A wyvern zombie (D:6)
  6 killer bees (D:10)
  A water moccasin skeleton (D:7)
  9 wights
  3 electric eels
  A howler monkey (D:8)
  A bullfrog zombie (D:5)
  25 orc priests
  5 hounds
  4 jellies
  11 orc wizards
  An iguana (D:5)
  A killer bee zombie (D:8)
  2 howler monkey zombies
  15 gnolls
  6 adders
  A shadow imp (D:8)
  2 white imps
  An adder zombie (D:5)
  3 worms
  3 dart slugs
  79 orcs
  11 endoplasms
  3 giant cockroaches
  5 hobgoblins
  11 kobolds
  3 quokkas
  3 ball pythons
  3 bats
  3 frilled lizards (D:3)
  8 goblins
  9 rats
558 creatures vanquished.

Vanquished Creatures (others)
  20 fungi
  48 plants
  5 toadstools (D:4)
  20 withered plants
93 creatures vanquished.

Grand Total: 651 creatures vanquished

Notes
Turn   | Place    | Note
-------+----------+-------------------------------------------
     0 | D:1      | jasper the Demonspawn Conjurer began the quest for the Orb.
     0 | D:1      | Reached XP level 1. HP: 13/13 MP: 3/3
   378 | D:1      | Gained mutation: You are partially covered in large bone
                  | plates. (SH +4) [demonic ancestry]
   378 | D:1      | Reached XP level 2. HP: 19/19 MP: 1/5
   446 | D:1      | Learned a level 2 spell: Searing Ray
  1663 | D:2      | Found Xilykhoo's Antique Armour Shoppe.
  1809 | D:2      | Reached XP level 3. HP: 24/24 MP: 1/6
  1824 | D:2      | Bought a pair of gloves for 90 gold pieces
  2101 | D:2      | Reached skill level 5 in Conjurations
  2182 | D:2      | Gained mutation: You are partially covered in sharp spines.
                  | [demonic ancestry]
  2182 | D:2      | Reached XP level 4. HP: 30/30 MP: 2/7
  2296 | D:2      | Found Wykhlush's Weapon Emporium.
  2319 | D:2      | Found a faded altar of an unknown god.
  2970 | D:3      | Found a glowing drain.
  3057 | Sewer    | Entered a sewer
  3154 | Sewer    | Noticed Pargi
  3160 | Sewer    | Killed Pargi
  3161 | Sewer    | Reached skill level 6 in Conjurations
  3161 | Sewer    | Reached XP level 5. HP: 27/35 MP: 0/9
  3166 | Sewer    | Learned a level 4 spell: Iskenderun's Mystic Blast
  4324 | D:3      | Gained mutation: You have sharp fingernails. [demonic
                  | ancestry]
  4324 | D:3      | Reached XP level 6. HP: 41/41 MP: 6/11
  4573 | D:4      | Found a staircase to the Ecumenical Temple.
  4598 | Temple   | Entered the Ecumenical Temple
  4877 | Temple   | Became a worshipper of Ashenzari the Shackled
  5149 | D:4      | Got Sif Muna's Collected Works on the Frostbite
  5165 | D:4      | Reached skill level 1 in Translocations
  5337 | D:2      | Bought a shiny helmet for 150 gold pieces
  5871 | D:4      | Reached skill level 7 in Conjurations
  5871 | D:4      | Gained mutation: You may rarely emit foul miasma when
                  | damaged in melee. [demonic ancestry]
  5871 | D:4      | Reached XP level 7. HP: 39/46 MP: 7/12
  6225 | D:4      | Found a basalt altar of Yredelemnul.
  6327 | D:5      | Entered Level 5 of the Dungeon
  6924 | D:5      | Reached * piety under Ashenzari
  6924 | D:5      | Identified a scroll of acquirement
  6960 | D:5      | Learned a level 7 spell: Orb of Destruction
  6973 | D:5      | Found Guxyss's Jewellery Boutique.
  7135 | D:5      | Acquired a staff of conjuration
  7366 | D:6      | Reached skill level 8 in Conjurations
  7431 | D:6      | Found a transporter.
  7448 | D:6      | Identified the +8 short sword of Digato {freeze, Fly rF-
                  | rCorr}
  7453 | D:6      | Found a transporter.
  7460 | D:6      | Noticed a steam dragon
  7477 | D:6      | Killed a steam dragon
  7478 | D:6      | Gained mutation: You are mostly covered in large bone
                  | plates. (SH +6) [demonic ancestry]
  7478 | D:6      | Reached XP level 8. HP: 22/52 MP: 4/15
  7682 | D:6      | Reached skill level 5 in Spellcasting
  7906 | D:6      | Reached ** piety under Ashenzari
  7922 | D:6      | Reached skill level 9 in Conjurations
  8876 | D:7      | Reached skill level 10 in Conjurations
  9125 | D:7      | Noticed Sigmund
  9132 | D:7      | Gained mutation: You are mostly covered in sharp spines.
                  | [demonic ancestry]
  9132 | D:7      | Reached XP level 9. HP: 57/57 MP: 13/18
  9136 | D:7      | Killed Sigmund
  9442 | D:8      | Noticed a troll
  9442 | D:8      | Found a staircase to the Lair.
  9745 | D:8      | Reached skill level 11 in Conjurations
 10807 | D:8      | Reached skill level 12 in Conjurations
 10914 | D:8      | Noticed a green ugly thing
 10934 | D:8      | Killed a green ugly thing
 11069 | D:9      | Found Hoegewim's Antique Armour Shop.
 11082 | D:9      | Reached *** piety under Ashenzari
 11086 | D:9      | Bought a steaming cloak for 266 gold pieces
 11086 | D:9      | Identified the +0 cloak "Voen" {Harm rCorr Stlth+} (You
                  | bought it in a shop on level 9 of the Dungeon)
 11240 | D:9      | Gained mutation: You have very sharp fingernails. [demonic
                  | ancestry]
 11240 | D:9      | Reached XP level 10. HP: 63/63 MP: 11/19
 11417 | D:9      | Reached skill level 13 in Conjurations
 12126 | D:9      | Found a staircase to the Orcish Mines.
 12414 | D:9      | Bought a pair of embroidered boots for 210 gold pieces
 12429 | D:10     | Entered Level 10 of the Dungeon
 12432 | D:10     | Reached skill level 14 in Conjurations
 12557 | D:10     | Reached **** piety under Ashenzari
 12776 | D:10     | Found Fumuef's Jewellery Shoppe.
 12776 | D:10     | Identified the +4 ring mail of the Elven Halls {*Corrode
                  | rElec rN+++ Regen+}
 12784 | D:10     | Found Cugiri's Book Shop.
 12792 | D:10     | Found Wozuo's Distillery.
 13112 | D:10     | Found Iklotiy's Magic Scroll Shop.
 13177 | D:10     | Found Nanaen's Assorted Antiques.
 13787 | D:11     | Noticed a two-headed ogre
 13790 | D:11     | Killed a two-headed ogre
 13791 | D:11     | Reached skill level 15 in Conjurations
 13950 | D:11     | Noticed a two-headed ogre
 13959 | D:11     | Killed a two-headed ogre
 14027 | D:11     | Gained mutation: You sometimes emit foul miasma when
                  | damaged in melee. [demonic ancestry]
 14027 | D:11     | Reached XP level 11. HP: 69/69 MP: 8/24
 14148 | D:11     | Identified the Almanac of Shifting Lightness
 14170 | D:11     | Learned a level 2 spell: Passwall
 14204 | D:12     | Noticed a two-headed ogre
 14207 | D:12     | Killed a two-headed ogre
 14347 | D:12     | Noticed a two-headed ogre
 14351 | D:12     | Killed a two-headed ogre
 14352 | D:12     | Reached skill level 16 in Conjurations
 14429 | D:12     | Identified the +6 falchion of Gravity {freeze, *Noise Str+2
                  | Int+4}
 14541 | D:12     | Noticed a deep elf pyromancer
 14612 | D:12     | Killed a deep elf pyromancer
 15534 | Lair:1   | Entered Level 1 of the Lair of Beasts
 15535 | Lair:1   | Noticed a five-headed hydra
 15539 | Lair:1   | Killed a five-headed hydra
 15749 | Lair:1   | Noticed an eight-headed hydra
 15752 | Lair:1   | Killed an eight-headed hydra
 15754 | Lair:1   | Noticed a death yak
 15757 | Lair:1   | Noticed a death yak
 15757 | Lair:1   | Noticed a death yak
 15758 | Lair:1   | Killed a death yak
 15759 | Lair:1   | Reached skill level 5 in Shields
 15759 | Lair:1   | Noticed a death yak
 15903 | D:8      | Killed a death yak
 16076 | Lair:1   | Killed a death yak
 16194 | Lair:1   | Killed a death yak
 16515 | Lair:1   | Noticed a five-headed hydra
 16519 | Lair:1   | Killed a five-headed hydra
 16520 | Lair:1   | Reached skill level 1 in Fighting
 16520 | Lair:1   | Reached XP level 12. HP: 81/81 MP: 10/26
 17030 | Lair:1   | Noticed a four-headed hydra
 17033 | Lair:1   | Killed a four-headed hydra
 18278 | Lair:2   | Found a shadowy altar of Dithmenos.
 18770 | Lair:3   | Noticed a seven-headed hydra
 18773 | Lair:3   | Killed a seven-headed hydra
 19263 | Lair:3   | Found a staircase to the Shoals.
 19974 | Lair:3   | Reached ***** piety under Ashenzari
 20116 | D:10     | Bought an amulet of magic regeneration for 480 gold pieces
 20533 | Lair:4   | Noticed a catoblepas
 20536 | Lair:4   | Reached skill level 5 in Fighting
 20536 | Lair:4   | Reached skill level 5 in Dodging
 20539 | Lair:4   | Killed a catoblepas
 20828 | Lair:4   | Reached XP level 13. HP: 101/101 MP: 23/30
 21191 | Lair:4   | Learned a level 1 spell: Apportation
 21193 | Lair:4   | Learned a level 1 spell: Animate Skeleton
 21313 | Lair:4   | Found a hole to the Spider Nest.
 21914 | Lair:5   | Reached skill level 10 in Spellcasting
 22568 | Lair:6   | Entered Level 6 of the Lair of Beasts
 23500 | Lair:6   | Noticed a dire elephant
 23518 | Lair:6   | Noticed a dire elephant
 23518 | Lair:6   | Noticed a dire elephant
 23518 | Lair:6   | Noticed a dire elephant
 23538 | Lair:6   | Gained mutation: You have claws for hands. [demonic
                  | ancestry]
 23538 | Lair:6   | Reached XP level 14. HP: 115/115 MP: 21/34
 24136 | Orc:1    | Entered Level 1 of the Orcish Mines
 24546 | Orc:2    | Entered Level 2 of the Orcish Mines
 25246 | Orc:2    | Found a staircase to the Elven Halls.
 25394 | Orc:2    | Found Bogailel's General Store.
 25396 | Orc:2    | Found Morhewal's Distillery.
 25800 | Orc:2    | Found Noniepho's Antique Armour Boutique.
 26089 | Orc:2    | Found Gimongul's Jewellery Shop.
 26181 | Orc:2    | Found a one-way gate leading to the halls of Pandemonium.
 26182 | Orc:2    | Paralysed by an orc sorcerer for 4 turns
 26193 | Orc:2    | Paralysed by an orc sorcerer for 6 turns
 26207 | Orc:2    | Paralysed by an orc sorcerer for 3 turns
 26603 | Orc:2    | Bought a glowing cloak for 277 gold pieces
 26603 | Orc:2    | Bought a faintly glowing leather armour for 259 gold pieces
 26603 | Orc:2    | Identified the +3 leather armour "Ziockau" {rCorr Int+4
                  | Stlth-} (You bought it in a shop on level 2 of the Orcish
                  | Mines)
 27057 | Lair:6   | Found a staircase to the Slime Pits.
 27424 | Lair:6   | Reached skill level 10 in Fighting
 27930 | Lair:6   | Reached XP level 15. HP: 127/127 MP: 29/37
 28469 | D:13     | Reached skill level 15 in Spellcasting
 28877 | D:13     | HP: 5/129 [salamander tyrant (25)]
 28878 | D:13     | Killed from afar by a salamander tyrant

Illustrated notes

Levels and vault maps discovered:
D:1:      elethiomel_arrival_infinity_welcomes_careful_drivers,
          layout_loops_ring, amethyst_killhole
D:2:      layout_basic, basic_ecumenical_altar, serial_shops, shop, shop,
          kennysheep_generic_room_16
D:3:      cheibrodos_old_hovel, layout_basic, cheibrodos_sewer_entry_bend
D:4:      layout_loops_cross, old_standard_altar,
          minmay_temple_entry_drinking_statues, minmay_misc_feat_enclosed,
          minmay_gold_behind_fungi, serial_bayou_lagoon_b
D:5:      layout_cave_pools, serial_shops, nicolae_lakefront_shop
D:6:      gammafunk_steamed_eel, layout_loops_ring, nrook_mini_vaults
D:7:      kennysheep_six_static_rooms, layout_rooms, sigmund_army
D:8:      layout_rooms, erik_lair_island, st_stairs_4
D:9:      layout_rooms, david_orc_1_choice, serial_shops, shop_fountains
D:10:     layout_irregular_city, serial_shops, kennysheep_little_box,
          nicolae_take_the_stairs, shop, kennysheep_mini, shop
D:11:     layout_roguey
D:12:     cheibrodos_elevator_heist, layout_long_grid
D:13:     evilmike_halls_of_destruction, layout_small_grid, argonaut_gorgonesque
Temple:   mainiacjoe_temple_hex_bubbles
Lair:1:   layout_chaotic_city, infiniplex_staircase_pool_2, grunt_megastairs_5
Lair:2:   layout_cave_pods, basic_altar, serial_bayou_pond_b, minmay_holes
Lair:3:   layout_cave_pods, minmay_shoals_entry_lonely_mermaid,
          grunt_megastairs_4, lemuel_fruit_fields, serial_bayou_shore_a
Lair:4:   layout_gridlike, nicolae_spider_entry_tight_spaces, grunt_megastairs_2
Lair:5:   layout_regular_city, infiniplex_staircase_pool, grunt_megastairs_1
Lair:6:   due_jungle_book, layout_cave_shapes, minmay_slime_entry_pillars
Orc:1:    layout_diamond_mine
Orc:2:    pf_orc_diabolical, layout_caves

Skill      XL: |  1  2  3  4  5  6  7  8  9 10 11 12 13 14 15 |
---------------+----------------------------------------------+-----
Conjurations   | 5 6 7 8 10 12 15 16 | 16.5
Spellcasting   | 3 4 6 9 12 14 15 | 15.3
Translocations | 1 3 |  3.0
Shields        | 6 7 |  7.5
Fighting       | 1 5 7 10 11 | 11.0
Dodging        | 2 5 6 |  6.0
Stealth        | |  1.7

Action                   |  1- 3 |  4- 6 |  7- 9 | 10-12 | 13-15 || total
-------------------------+-------+-------+-------+-------+-------++-------
Melee: Unarmed           |     9 |     4 |       |       |       ||    13
       Trident           |       |    28 |       |       |       ||    28
       Staff             |       |       |     5 |     8 |    17 ||    30
 Cast: Magic Dart        |    61 |    86 |   142 |    47 |    55 ||   391
       Searing Ray       |     3 |    11 |    47 |    31 |     4 ||    96
       Iskenderun's Myst |       |       |       |    30 |   158 ||   188
       Orb of Destructio |       |       |       |    78 |   131 ||   209
Invok: Curse Item        |       |       |     5 |     4 |     2 ||    11
       Shatter the Chain |       |       |       |     1 |     1 ||     2
Evoke: Wand              |       |       |       |     9 |     9 ||    18
  Use: Scroll            |     3 |     5 |     4 |       |     2 ||    14
       Potion            |       |       |     1 |       |     1 ||     2
 Stab: Petrified         |       |       |       |       |     2 ||     2
Armor: Robe              |     2 |    10 |    12 |    11 |     2 ||    37
       Steam dragon scal |       |       |       |       |    21 ||    21
Dodge: Dodged            |     6 |    28 |    66 |    67 |    66 ||   233
Block: Other             |     1 |     7 |    24 |    26 |       ||    58
       Buckler           |       |       |       |    28 |       ||    28
       Kite shield       |       |       |       |     3 |   122 ||   125

Table legend: (Time is in decaauts)
 A = Elapsed time spent in this place.
 B = Non-inter-level travel time spent in this place.
 C = Inter-level travel time spent in this place.
 D = Time resting spent in this place.
 E = Time spent auto-exploring this place.
 F = Levels seen in this place.
 G = Mean time per level.
                   A        B        C        D        E       F      G
               +--------+--------+--------+--------+--------+-----+--------+
         Total |  28995 |  27217 |   1778 |   6211 |  17283 |  23 | 1260.7 |
       Dungeon |  16539 |  15612 |    927 |   3053 |  10653 |  13 | 1272.2 |
        Temple |    297 |    239 |     58 |      0 |    237 |   1 |  297.0 |
          Lair |   9219 |   8512 |    707 |   2310 |   4984 |   6 | 1536.5 |
  Orcish Mines |   2677 |   2592 |     85 |    848 |   1191 |   2 | 1338.5 |
         Sewer |    262 |    262 |      0 |      0 |    218 |   1 |  262.0 |
               +--------+--------+--------+--------+--------+-----+--------+

Top non-repeatable levels by time:
   Orc:2: 1978 daAuts
  Lair:6: 1836 daAuts
  Lair:3: 1743 daAuts
     D:9: 1623 daAuts
     D:4: 1572 daAuts
  Lair:1: 1558 daAuts
     D:8: 1558 daAuts
     D:2: 1543 daAuts
  Lair:5: 1527 daAuts
     D:3: 1516 daAuts
     D:7: 1484 daAuts
     D:6: 1439 daAuts
  Lair:2: 1387 daAuts
    D:12: 1384 daAuts
    D:10: 1312 daAuts
